Map: New Repugnancy LE

Players

MaNa

  • Race: Protoss Protoss
  • Spawn Location: 1:00

Kelazhur - Winner!

  • Race: Terran Terran
  • Spawn Location: 7:00

Event: 2019 WCS Spring

VOD

Have the link to the VOD?

Description

Time

  • Played on: May 18, 2019, 6:28 a.m.
  • Length: 10:45

All games in this series

Show
View Real Time Build Order
Export as new Build Order

MaNa Protoss 

Build Orders: Chargelot Immortal 

Get SALT Encoding   

  12  0:00  Probe  
  13  0:12  Probe  
  14  0:19  Pylon  
  14  0:24  Probe  
  15  0:33  Probe  
  15  0:37  Gateway  
  15  0:42  Probe  
  16  0:44  Assimilator  
  17  0:53  Probe  
  18  1:05  Probe  
  18  1:07  Assimilator  
  19  1:17  Probe  
  20  1:27  Cybernetics Core  
  20  1:29  Probe  
  21  1:41  Probe  
  22  1:51  Pylon  
  22  1:54  Probe  
  23  1:59  Adept  
  23  2:11  Robotics Facility  
  23  2:12  Probe  
  26  2:22  Nexus  
  26  2:26  Probe  
  27  2:35  Pylon  
  27  2:45  Warp Gate, Probe  
  27  2:51  Immortal  
  28  2:57  Probe  
  33  3:09  Adept  
  33  3:10  Probe  
  36  3:19  Shield Battery  
  36  3:20  Warp Prism  
  36  3:31  Probe  
  39  3:34  Probe  
  40  3:47  Gateway  
  40  3:50  Gateway  
  40  3:55  Immortal  
  40  4:07  Probe  
  45  4:21  Probe x2  
  47  4:24  Immortal  
  47  4:25  Twilight Council  
  47  4:36  Pylon  
  51  4:51  Shield Battery  
  49  4:53  Stalker x2  
  49  5:01  Probe  
  49  5:02  Charge, Probe  
  51  5:11  Immortal  
  53  5:15  Probe  
  53  5:20  Templar Archives  
  54  5:41  Warp Prism  
  52  5:43  Probe x2  
  52  5:47  Assimilator  
  52  5:48  Assimilator  
  54  5:52  Psionic Storm  
  54  5:54  Sentry  
  54  5:55  Zealot, Probe  
  54  5:56  Probe, Pylon  
  58  6:15  High Templar  
  58  6:34  Zealot, High Templar  
  58  6:37  Gateway  
  62  6:40  Gateway  
  62  6:42  Gateway  
  62  6:44  Gateway  
  52  6:49  Probe x2  
  54  6:55  Zealot x2  
  54  6:56  Robotics Facility  
  56  7:05  Gateway  
  56  7:07  High Templar, Pylon  
  58  7:15  Pylon  
  58  7:16  Zealot x2  
  58  7:18  Pylon  
  62  7:24  Pylon  
  62  7:35  High Templar x2, Shield Battery, Warp Prism  
  66  7:37  Zealot x3  
  66  7:39  Zealot  
  66  7:40  Archon  
  74  7:49  High Templar  
  78  8:03  Zealot, High Templar  
  78  8:04  Zealot x2  
  85  8:07  Zealot x2  
  81  8:27  High Templar x2  
  81  8:28  Zealot x4  
  90  8:55  Zealot x3  
  88  8:56  Zealot x2  
  72  9:15  Stalker x2  
  72  9:16  Zealot x5  
  69  9:25  Stalker  
  69  9:37  High Templar x3  
  75  9:38  Zealot, Sentry  
  79  9:46  Stalker  
  79  9:49  Probe x2  
  83  10:13  Zealot x2, High Templar x2  
  83  10:14  Zealot  
  85  10:32  Archon  
Show
View Real Time Build Order
Export as new Build Order

Kelazhur Terran - Winner!

Build Orders: Reaper Expand 

Get SALT Encoding   

  12  0:00  SCV  
  13  0:13  SCV  
  14  0:17  Supply Depot  
  14  0:25  SCV  
  15  0:38  SCV  
  15  0:39  Barracks  
  16  0:43  Refinery  
  16  0:50  SCV  
  17  1:03  SCV  
  18  1:15  SCV  
  19  1:27  Reaper, Orbital Command  
  20  1:40  Command Center  
  20  1:53  SCV, Supply Depot  
  21  1:59  Barracks Reactor  
  21  2:02  Refinery  
  21  2:05  SCV  
  22  2:17  SCV  
  22  2:21  Factory  
  23  2:29  SCV  
  24  2:36  Marine x2  
  26  2:42  SCV  
  27  2:54  Marine x2  
  27  2:56  SCV  
  27  2:58  Orbital Command  
  30  3:05  Starport, Widow Mine  
  32  3:10  SCV  
  32  3:12  Marine x2  
  35  3:22  SCV  
  35  3:25  SCV  
  35  3:26  Factory Tech Lab  
  37  3:27  Bunker  
  37  3:34  SCV, Marine x2  
  37  3:37  SCV  
  37  3:38  Supply Depot  
  41  3:44  Starport Tech Lab  
  41  3:45  Cyclone  
  41  3:46  SCV  
  45  3:49  SCV  
  46  3:59  Supply Depot, Marine x2  
  46  4:00  SCV  
  46  4:02  SCV  
  50  4:03  Barracks  
  50  4:06  Raven  
  52  4:12  SCV  
  52  4:14  SCV  
  54  4:21  Siege Tank  
  57  4:24  SCV  
  57  4:27  Marine  
  57  4:28  SCV  
  59  4:36  SCV, Barracks  
  59  4:38  Supply Depot  
  60  4:41  Supply Depot  
  55  4:48  SCV  
  55  4:49  Viking  
  55  4:50  SCV  
  57  4:53  Siege Tank  
  60  5:01  SCV  
  60  5:03  SCV  
  60  5:04  Marine, Barracks Tech Lab  
  63  5:13  SCV  
  63  5:15  SCV  
  63  5:19  Refinery x2  
  63  5:21  Engineering Bay, Marine  
  63  5:25  SCV  
  63  5:27  SCV  
  65  5:35  Marine  
  66  5:37  SCV  
  66  5:39  Marine  
  68  5:45  Stimpack  
  67  5:56  Marauder, Combat Shield, Refinery  
  69  5:58  Starport Reactor  
  69  5:59  Supply Depot  
  69  6:03  Barracks Reactor  
  69  6:06  Marauder  
  70  6:18  Supply Depot  
  70  6:19  SCV  
  70  6:21  Barracks  
  70  6:22  Barracks  
  70  6:25  Marauder  
  71  6:32  Marauder  
  71  6:33  SCV x2  
  71  6:37  Supply Depot  
  71  6:38  Command Center  
  71  6:46  Marauder  
  68  6:47  Marine x2  
  68  6:54  Marauder  
  68  6:59  Terran Infantry Weapons Level 1, Medivac x2  
  71  7:06  Marine  
  71  7:07  Marauder, Marine  
  75  7:11  Widow Mine  
  75  7:13  Barracks Tech Lab  
  75  7:14  Barracks Reactor  
  79  7:15  Marauder  
  79  7:21  Concussive Shells  
  79  7:25  Marine x2  
  79  7:29  Marauder  
  83  7:32  Medivac  
  83  7:35  Marauder  
  83  7:37  Marauder  
  89  7:44  Medivac  
  93  7:46  Marine x2  
  93  7:50  Marauder  
  93  7:51  Supply Depot, Orbital Command, Marine x2  
  97  7:55  Factory Reactor  
  97  7:56  Marauder  
  97  7:58  Marauder  
  101  8:12  Marauder  
  103  8:19  Marauder  
  104  8:23  Marauder  
  104  8:24  Marine x2  
  104  8:26  Medivac x2  
  105  8:27  Marine x2  
  105  8:32  Bunker x2  
  105  8:33  Marauder  
  107  8:39  Widow Mine x2  
  107  8:41  Marauder  
  112  8:42  Marine x2  
  112  8:44  Marauder  
  112  8:45  Marine  
  117  8:49  Marine  
  117  8:54  Marauder  
  112  9:00  Marine x2  
  112  9:02  Marauder  
  101  9:03  Marine, Supply Depot  
  101  9:06  Marauder  
  101  9:09  SCV  
  102  9:12  Marine  
  102  9:14  Widow Mine x2  
  102  9:15  Medivac x2  
  102  9:16  Marauder  
  111  9:18  Marine x2  
  111  9:24  Marauder  
  114  9:27  Marauder  
  114  9:28  Marine  
  114  9:31  Ghost Academy  
  112  9:34  Marine  
  112  9:37  Marauder  
  115  9:45  Medivac  
  117  9:47  Orbital Command  
  117  9:54  Supply Depot  
  117  10:09  Supply Depot  
  117  10:15  Ghost, Marine x2  
  117  10:16  SCV x2, Marauder  
  117  10:19  Marine  
  117  10:20  Marine  
  124  10:22  Widow Mine x2  
Tags
 
Add a new tag
Caveats
  • Supply blocks, unpowered buildings, or Contaminate may cause inaccurate times.
  • Supply counts are checked every 10 seconds.